 Dungeon Crawl Stone Soup version 0.27-a0-1196-g3e9cee4cb2 (webtiles) character file.

Game seed: 9914926289635754548

100 bilbop the Shield-Bearer (level 4, 0/41 HPs)
             Began as a Minotaur Fighter on May 30, 2021.
             Was a Believer of Vehumet.
             Slain by a jackal (2 damage)
             ... on level 3 of the Dungeon.
             The game lasted 00:06:42 (2820 turns).

bilbop the Shield-Bearer (Minotaur Fighter)         Turns: 2820, Time: 00:06:43

Health: 0/41       AC:  7    Str: 20    XL:     4   Next: 46%
Magic:  4/4        EV:  7    Int:  6    God:    Vehumet [**....]
Gold:   72         SH:  9    Dex: 10    Spells: 4/4 levels left

rFire    . . .     SeeInvis .   a - +0 flail
rCold    . . .     Faith    .   c - +0 kite shield
rNeg     . . .     Spirit   .   b - +0 scale mail
rPois    .         Reflect  .   (helmet restricted)
rElec    .         Harm     .   (no cloak)
rCorr    .         Rampage  .   (no gloves)
Will     .....                  (no boots)
Stlth    ..........             (no amulet)
HPRegen  0.13/turn              (no ring)
MPRegen  0.09/turn              (no ring)

@: no status effects
A: horns 2, retaliatory headbutt
a: Renounce Religion


You were on level 3 of the Dungeon.
You worshipped Vehumet.
Vehumet was pleased with you.
You visited 1 branch of the dungeon, and saw 3 of its levels.

You collected 72 gold pieces.

Inventory:

Hand Weapons
 a - a +0 flail (weapon)
Armour
 b - a +0 scale mail (worn)
 c - a +0 kite shield (worn)
 i - a +0 leather armour
Scrolls
 e - a scroll of teleportation {unknown}
 f - 2 scrolls of identify {unknown}
 h - a scroll of enchant weapon {unknown}
 j - a scroll of blinking {unknown}
 l - 2 scrolls of brand weapon {unknown}
Potions
 d - a potion of might
 g - a potion of berserk rage {unknown}
 k - a potion of curing {unknown}


   Skills:
 + Level 4.3 Fighting
 + Level 3.3 Maces & Flails
 + Level 4.3 Armour
 + Level 4.3 Shields
 + Level 0.8 Spellcasting
 - Level 0.4 Evocations


You had 4 spell levels left.
You didn't know any spells.
Your spell library contained the following spells:

 Spells                   Type           Power      Damage    Failure   Level
 Static Discharge         Conj/Air       0%         N/A       100%        2
 Animate Skeleton         Necr           0%         N/A       99%         1
 Apportation              Tloc           0%         N/A       99%         1
 Corona                   Hex            0%         N/A       99%         1
 Summon Small Mammal      Summ           0%         N/A       99%         1


Dungeon Overview and Level Annotations

Branches:
Dungeon (3/15)

Altars:
Vehumet


Innate Abilities, Weirdness & Mutations

You have a pair of horns on your head.
You reflexively headbutt those who attack you in melee.


Message History

Vehumet accepts your kill. You block the jackal's attack.
The jackal bites you but does no damage.
The jackal bites you.
* * * LOW HITPOINT WARNING * * *
The jackal barely misses you. You block the jackal's attack.
The jackal bites you but does no damage.
The jackal bites you but does no damage.
You block the jackal's attack. The jackal barely misses you.
You block the jackal's attack. x3
You block the jackal's attack.
The jackal bites you but does no damage.
You block the jackal's attack. The jackal closely misses you.
The jackal bites you but does no damage.
You block the jackal's attack.
The jackal bites you but does no damage.
You block the jackal's attack. The jackal closely misses you.
The jackal bites you.
* * * LOW HITPOINT WARNING * * *
You block the jackal's attack. The jackal bites you.
* * * LOW HITPOINT WARNING * * *
The jackal bites you but does no damage.
You block the jackal's attack. You block the jackal's attack.
The jackal closely misses you. You furiously retaliate!
You headbutt the jackal, but do no damage.
You block the jackal's attack. The jackal bites you.
* * * LOW HITPOINT WARNING * * *
The jackal bites you but does no damage.
The jackal bites you.
* * * LOW HITPOINT WARNING * * *
The jackal barely misses you. You furiously retaliate!
You headbutt the jackal. You block the jackal's attack.
The jackal barely misses you. x2
The jackal bites you but does no damage. x3
You block the jackal's attack. The jackal barely misses you.
You furiously retaliate!
You headbutt the jackal, but do no damage.
The jackal bites you.
You die...

#.# #.##
#..# ##.##
#######..#
.........#
.....(...##
......†hh.#
......)@#.#
........#..#
........##.#
........# ..
........#
#.#
#.....### ..
#####. .)


You could see 2 jackals.

Vanquished Creatures
  Crazy Yiuf (D:2)
  2 adders (D:2)
  A worm (D:3)
  A dart slug (D:1)
  4 bats
  5 endoplasms
  5 goblins (D:1)
  6 hobgoblins
  6 jackals
  5 ball pythons
  2 frilled lizards
  2 kobolds
  7 rats
47 creatures vanquished.

Notes
Turn   | Place    | Note
-------+----------+-------------------------------------------
     0 | D:1      | bilbop the Minotaur Fighter began the quest for the Orb.
     0 | D:1      | Reached XP level 1. HP: 19/19 MP: 0/0
    77 | D:1      | Reached XP level 2. HP: 10/27 MP: 1/1
   286 | D:1      | Found a faded altar of an unknown god.
   288 | D:1      | Became a worshipper of Vehumet
   288 | D:1      | Reached * piety under Vehumet
   288 | D:1      | Offered knowledge of Foxfire by Vehumet.
   973 | D:2      | Reached XP level 3. HP: 32/33 MP: 2/2
  1319 | D:2      | Offered knowledge of Static Discharge by Vehumet.
  1321 | D:2      | Reached ** piety under Vehumet
  1513 | D:2      | Found a runed translucent door.
  1514 | D:2      | Noticed Crazy Yiuf
  1519 | D:2      | Killed Crazy Yiuf
  1520 | D:2      | Reached XP level 4. HP: 18/40 MP: 2/4
  2817 | D:3      | HP: 2/41 [jackal (1)]
  2820 | D:3      | Slain by a jackal

Illustrated notes

Levels and vault maps discovered:
D:1:      nzn_arrival_water_spiral, layout_basic,
          chequers_ecumenical_altar_twisty
D:2:      layout_basic, uniq_crazy_yiuf_cottage
D:3:      layout_basic

Skill      XL: |  1  2  3 |
---------------+----------+-----
Shields        | 4 |  4.3
Fighting       | 4 |  4.3
Armour         | 4 |  4.3
Maces & Flails | 3 |  3.3
Spellcasting   | |  0.8
Evocations     | |  0.4

Action                   |  1- 3 |  4- 6 || total
-------------------------+-------+-------++-------
Melee: Flail             |    70 |    13 ||    83
       Headbutt          |    10 |     1 ||    11
Armor: Scale mail        |    32 |   113 ||   145
Dodge: Dodged            |    19 |    65 ||    84
Block: Kite shield       |    41 |   140 ||   181

Table legend: (Time is in decaauts)
 A = Elapsed time spent in this place.
 B = Non-inter-level travel time spent in this place.
 C = Inter-level travel time spent in this place.
 D = Time resting spent in this place.
 E = Time spent auto-exploring this place.
 F = Levels seen in this place.
 G = Mean time per level.
                   A        B        C        D        E       F      G
               +--------+--------+--------+--------+--------+-----+--------+
         Total |   2865 |   2846 |     19 |    182 |   1989 |   3 |  955.0 |
       Dungeon |   2865 |   2846 |     19 |    182 |   1989 |   3 |  955.0 |
               +--------+--------+--------+--------+--------+-----+--------+

Top non-repeatable levels by time:
     D:2: 1553 daAuts
     D:1: 990 daAuts
     D:3: 320 daAuts
